 Dungeon Crawl Stone Soup version 0.27.0 (webtiles) character file.

Game seed: 12146198778345839173

79 unlimited1921 the Magician (level 4, -8/32 HPs)
             Began as a Djinni Hedge Wizard on July 28, 2021.
             Mangled by Sigmund (11 damage)
             ... on level 4 of the Dungeon on July 31, 2021.
             The game lasted 00:34:04 (5983 turns).

unlimited1921 the Magician (Djinni Hedge Wizard)    Turns: 5983, Time: 00:34:08

Health: -8/32      AC:  2    Str:  9    XL:     4   Next: 62%
Gold:   131        EV: 12    Int: 17    God:
                   SH:  0    Dex: 12

rFire    + + .     SeeInvis .   i - +0 dagger (venom)
rCold    x . .     Faith    .   (no shield)
rNeg     . . .     Spirit   .   b - +0 robe
rPois    ∞         Reflect  .   c - +0 hat
rElec    .         Harm     .   (no cloak)
rCorr    .         Rampage  .   (no gloves)
Will     .....                  (boots unavailable)
Stlth    ++........             (no amulet)
HPRegen  0.10/turn              (no ring)
MPRegen  0.00/turn              (no ring)

@: on berserk cooldown, flying, slowed, very slow
A: sickness immunity, fire resistance 2, cold vulnerability 1, float, innate
caster, hp casting, extra vitality 1
a: no special abilities


You were on level 4 of the Dungeon.
You visited 2 branches of the dungeon, and saw 5 of its levels.

You collected 131 gold pieces.

Inventory:

Hand Weapons
 i - a +0 dagger of venom (weapon)
 k - a +0 rapier
 q - a +0 hand axe of electrocution
 u - a +1 antimagic spear
 v - a +0 hunting sling
Missiles
 a - 10 sling bullets
 f - 62 arrows
 j - 26 stones
 o - 16 poisoned darts (quivered)
 r - a throwing net
Armour
 b - a +0 robe (worn)
 c - a +0 hat (worn)
 n - a +0 leather armour
 t - a +0 scale mail
Scrolls
 d - 4 scrolls of identify {unknown}
 g - 2 scrolls of teleportation {unknown}
 m - a scroll of amnesia {unknown}
 w - 2 scrolls of fog {unknown}
Potions
 h - a potion of curing {unknown}
 l - 2 potions of resistance {unknown}
 p - 2 potions of brilliance {unknown}
 s - a potion of might {unknown}


   Skills:
 * Level 1.4 Fighting
 + Level 0.5 Throwing
 + Level 2.4 Dodging
 + Level 1.7 Stealth
 + Level 3.3 Spellcasting


You couldn't memorise any spells.
You knew the following spells:

 Your Spells              Type           Power      Damage    Failure   Level
a - Magic Dart            Conj           56%        1d5       4%          1
b - Blink                 Tloc           N/A        N/A       6%          2
c - Call Imp              Summ           14%        N/A       6%          2
d - Slow                  Hex            14%        N/A       6%          2
e - Conjure Flame         Conj/Fire      14%        6-21      13%         3
f - Mephitic Cloud        Conj/Pois/Air  14%        N/A       13%         3
g - Foxfire               Conj/Fire      56%        2x1d6     4%          1
Your spell library was empty.

Dungeon Overview and Level Annotations

Branches:
Dungeon (4/15)             Temple (1/1) D:4

Altars:
Cheibriados
Dithmenos
Elyvilon
Hepliaklqana
Ru
Sif Muna
Trog
Vehumet
Wu Jian
Xom

Shops:
D:1 (

Annotations:
D:4 Sigmund


Innate Abilities, Weirdness & Mutations

You are immune to sickness and miasma.
You are immune to poison.
Your flesh is very heat resistant. (rF++)
You are vulnerable to cold. (rC-)
You float through the air rather than walking.
You learn spells naturally, not from books.
Your magical power is your life essence.
You have superior vitality. (+4 HP)


Message History

A magic dart appears from out of thin air!
The magic dart hits your crimson imp.
Something closely misses your crimson imp.
Something hits your crimson imp!
Your crimson imp dies!
You are confused.
You are too confused!
You are too confused!
You are too confused!
You're too confused to cast spells.
Unknown command.
Something hits you!
* * * LOW HITPOINT WARNING * * *
It was a potion of berserk rage.
A red film seems to cover your vision as you go berserk!
You feel yourself moving faster!
You feel mighty!
You feel less confused.
You hear some strange, mumbled words.
A puff of flame appears from out of thin air!
The puff of flame misses you.
Unknown command.
You are too berserk!
Unknown command.
You feel a strong urge to attack something.
You see here a +0 dagger.
You feel your anger nearly subside.
You hear some strange, mumbled words.
A puff of flame appears from out of thin air!
The puff of flame misses you.
You are no longer berserk.
You are exhausted.
You feel yourself slow down.
Casting: Call Imp (safe; 6% risk of failure)
Confirm with . or Enter, or press ? or * to list all spells.
A beastly little devil appears in a puff of flame.
* * * LOW HITPOINT WARNING * * *
Something hits you.
* * * LOW HITPOINT WARNING * * *
Something hits you!
You die...

.....)...#
########.#############
###########..............
#...........#############
#. #.#########.##### #.
#.# #........## ####.
#.######.........##
.....##.......5...).....#
#.........>@........#
#.#.#####...........#
#.#.# ##..........# .#
#..#..#
####.###.#.#######. .#
##.###?...
...#............. ># #)##
#..#######.##........##
.# ##.## .##
#(##..####..# .# #..# #
#.##..# ..# .# #.#.#
#.##..# .#


You could see a friendly crimson imp (summoned).

Vanquished Creatures
  3 bats
  A giant cockroach (D:3)
  A goblin (D:1)
  A quokka (D:1)
  3 kobolds
  3 rats
12 creatures vanquished.

Vanquished Creatures (collateral kills)
  An iguana (D:4)
  A hound skeleton (D:4)
  2 adders
  A worm (D:2)
  3 dart slugs
  6 orcs
  3 giant cockroaches
  6 goblins
  6 hobgoblins
  A quokka (D:2)
  3 ball pythons
  2 kobolds
  3 rats
38 creatures vanquished.

Grand Total: 50 creatures vanquished

Notes
Turn   | Place    | Note
-------+----------+-------------------------------------------
     0 | D:1      | unlimited1921 the Djinni Hedge Wizard began the quest for
                  | the Orb.
     0 | D:1      | Reached XP level 1. HP: 15/15 MP: 0/0
    37 | D:1      | Upgraded the game from 0.27-b1-41-gafb5482f4b to 0.27.0
   134 | D:1      | Found Cozxatoz's Antique Weapon Shop.
   419 | D:1      | Reached XP level 2. HP: 8/21 MP: 0/0
  2505 | D:2      | Reached skill level 3 in Spellcasting
  2505 | D:2      | Reached XP level 3. HP: 15/26 MP: 0/0
  2505 | D:2      | Learned a level 1 spell: Foxfire
  2681 | D:2      | Found a faded altar of an unknown god.
  5095 | D:3      | Reached XP level 4. HP: 26/31 MP: 0/0
  5410 | D:4      | Reached skill level 1 in Fighting
  5757 | D:4      | Found a staircase to the Ecumenical Temple.
  5788 | Temple   | Entered the Ecumenical Temple
  5931 | D:4      | Noticed Sigmund
  5983 | D:4      | Mangled by Sigmund

Illustrated notes

Levels and vault maps discovered:
D:1:      heliophobic_arrival_dark_side_of_the_moon, layout_basic, serial_shops,
          shop
D:2:      layout_loops_cross, ebering_ecumenical_altar_rust
D:3:      layout_rooms
D:4:      layout_loops_ring, minmay_temple_entry_offerings,
          lightli_corner_chamber, uniq_sigmund
Temple:   compressed_dpeg_circular_temple

Skill      XL: |  1  2  3  4 |
---------------+-------------+-----
Spellcasting   | 3 |  3.3
Fighting       | 1 |  1.4
Throwing       | |  0.5
Dodging        | |  2.4
Stealth        | |  1.7

Action                   |  1- 3 |  4- 6 || total
-------------------------+-------+-------++-------
Melee: Dagger            |     7 |       ||     7
Throw: Dart              |    15 |     5 ||    20
 Cast: Magic Dart        |    20 |       ||    20
       Call Imp          |    74 |    26 ||   100
  Use: Potion            |       |     1 ||     1
Armor: Robe              |     7 |       ||     7
Dodge: Dodged            |    36 |     5 ||    41
